 Dungeon Crawl Stone Soup version 0.25.1-2-g60ff931df9 (webtiles) character file.

Game seed: 12881340724125618777

11338 ANNNA the Thaumaturge (level 11, 0/55 HPs)
             Began as a Deep Elf Venom Mage on Nov 15, 2020.
             Was an Elder of Sif Muna.
             Succumbed to a spiny frog's poison
             ... on level 1 of the Lair of Beasts.
             The game lasted 00:59:51 (16487 turns).

ANNNA the Thaumaturge (Deep Elf Venom Mage)        Turns: 16487, Time: 00:59:52

Health: 0/55       AC:  6    Str:  8    XL:     11   Next: 48%
Magic:  15/30      EV: 14    Int: 21    God:    Sif Muna [****..]
Gold:   619        SH:  0    Dex: 21    Spells: 24/37 levels left

rFire    . . .     SeeInvis .   y - +1 dagger (venom)
rCold    . . .     Gourm    .   (no shield)
rNeg     . . .     Faith    .   s - +0 leather armour
rPois    .         Spirit   .   E - +0 helmet
rElec    .         Reflect  .   (no cloak)
rCorr    .         Harm     .   l - +0 pair of gloves
MR       ++...                  o - +0 pair of boots
Stlth    +++.......             (no amulet)
HPRegen  0.18/turn              u - +6 ring of dexterity
MPRegen  0.22/turn              H - ring of protection from magic

@: brilliant, lethally poisoned (0 -> -12)
A: no striking features
a: Channel Magic, Forget Spell, Divine Exegesis, Renounce Religion


You were on level 1 of the Lair of Beasts.
You worshipped Sif Muna.
Sif Muna was greatly pleased with you.
You were not hungry.

You visited 3 branches of the dungeon, and saw 11 of its levels.

You collected 619 gold pieces.

Inventory:

Hand Weapons
 r - a +3 dagger
 y - a +1 dagger of venom (weapon)
Missiles
 d - 189 stones (quivered)
Armour
 a - a +0 robe
 l - a +0 pair of gloves (worn)
 n - a +0 helmet
 o - a +0 pair of boots (worn)
 s - a +0 leather armour (worn)
 x - a cursed +0 leather armour
 E - a +0 helmet (worn)
Magical Staves
 K - an uncursed staff of air {unknown}
Jewellery
 h - an uncursed ring of fire
 m - an uncursed ring of protection from cold {unknown}
 u - a +6 ring of dexterity (left hand)
 H - a ring of protection from magic (right hand)
 J - a cursed ring of attention {unknown}
Wands
 z - a wand of acid (22)
 C - a wand of polymorph (17)
 G - a wand of iceblast (9)
Scrolls
 e - 5 scrolls of remove curse
 i - 4 scrolls of teleportation
 j - 2 scrolls of enchant weapon {unknown}
 q - 3 scrolls of fear {unknown}
 w - 2 scrolls of magic mapping {unknown}
 B - 2 scrolls of immolation {unknown}
 D - 2 scrolls of vulnerability {unknown}
 F - a scroll of noise {unknown}
 L - a scroll of amnesia {unknown}
Potions
 b - 2 potions of berserk rage
 f - a potion of stabbing {unknown}
 g - 3 potions of brilliance
 k - a potion of invisibility {unknown}
 p - 4 potions of lignification
 t - a potion of resistance {unknown}
 v - 2 potions of flight {unknown}
 A - a potion of mutation {unknown}
Comestibles
 c - 14 rations


   Skills:
 + Level 0.8 Fighting
 + Level 1.7 Short Blades
 + Level 2.4 Armour
 + Level 4.3 Dodging
 + Level 4.7 Stealth
 + Level 13.5 Spellcasting
 + Level 1.3 Conjurations
 + Level 6.1 Transmutations
 + Level 3.8 Fire Magic
 + Level 7.3 Air Magic
 + Level 10.6 Poison Magic


You had 24 spell levels left.
You knew the following spells:

 Your Spells              Type           Power        Failure   Level  Hunger
a - Sting                 Tmut/Pois      ####         1%          1    None
b - Poisonous Vapours     Pois/Air       ######       1%          2    None
c - Ignite Poison         Fire/Tmut/Pois ######..     1%          3    None
d - Mephitic Cloud        Conj/Pois/Air  ######..     1%          3    None
e - Olgreb's Toxic Radia  Pois           ######..     1%          4    None

Your spell library contained the following spells:

 Spells                   Type           Power        Failure   Level  Hunger
 Confusing Touch          Hex            ###.....     19%         3    None
 Gell's Gravitas          Tloc           ###.......   19%         3    None
 Petrify                  Tmut/Erth      #####...     19%         4    None
 Yara's Violent Unravell  Hex/Tmut       #####.....   45%         5    None
 Metabolic Englaciation   Hex/Ice        ###.......   87%         5    None


Dungeon Overview and Level Annotations

Branches:
Dungeon (9/15)             Temple (1/1) D:7            Lair (1/6) D:9
    Orc (0/2) D:9

Altars:
Ashenzari
Cheibriados
Dithmenos
Elyvilon
Fedhas
Gozag
Hepliaklqana
Kikubaaqudgha
Makhleb
Nemelex Xobeh
Okawaru
Qazlal
Ru
Sif Muna
Trog
Uskayaw
Vehumet
Wu Jian
Xom
Yredelemnul
Zin
The Shining One

Annotations:
Lair:1 Gastronok


Message History

Aiming: Poisonous Vapours (safe; 1% risk of failure)
Press: ? - help, Dir - move target cursor, f/p - spiny frog
Aim: a spiny frog (moderately wounded) But poisonous vapours would do no harm to the spiny frog!
Casting: Poisonous Vapours (safe; 1% risk of failure)
Confirm with . or Enter, or press ? or * to list all spells.
Aiming: Poisonous Vapours (safe; 1% risk of failure)
Press: ? - help, Dir - move target cursor, f - hippogriff, p - spiny frog
Aim: a hippogriff Poisonous vapours surround the hippogriff!
* * * LOW HITPOINT WARNING * * *
You feel sick.
The hippogriff is engulfed in poison gas.
The hippogriff is poisoned.
The hippogriff bites you!
* * * LOW HITPOINT WARNING * * *
The hippogriff closely misses you. The hippogriff claws you.
* * * LOW HITPOINT WARNING * * *
It was a potion of brilliance.
You feel clever all of a sudden.
You die...

#..........) #...........
##..†.......# ..##...........#
.. #............... #.##+#
###....(.....^.# #...
#####.F####.## #.P##### ##.H# ##
##...##.# ##@# .### ..>.....#
#.### ####+..##
........########..##.###.......#
...............................#
........########..#####........#
........# #..# ##.......##
........# ##.# ##.......P#
........# .# #P.......#
........# .. ##.......#


You could see a hippogriff (poisoned) and a spiny frog.

Vanquished Creatures
  Harold (D:8)
  A hydra (Lair:1)
  A two-headed ogre (D:8)
  Erica (D:8)
  A spiny frog (Lair:1)
  A rime drake (Lair:1)
  A queen bee (D:9)
  Prince Ribbit (D:7)
  14 yaks (D:9)
  A hungry ghost (D:9)
  4 water moccasins (Lair:1)
  3 orc warriors
  4 porcupines (D:9)
  3 black bears (D:9)
  3 sky beasts
  A necrophage (D:8)
  A phantom (D:7)
  2 ogres
  A wolf (D:9)
  3 crocodiles (D:9)
  A centaur (D:8)
  2 big kobolds
  6 bullfrogs
  A water moccasin zombie (D:6)
  A scorpion (D:9)
  17 killer bees
  3 wights (D:9)
  A jelly (D:9)
  6 crimson imps
  A quasit (D:8)
  A centaur skeleton (D:7)
  7 orc priests
  5 hounds
  4 iguanas
  16 orc wizards
  5 worker ants
  A killer bee zombie (D:6)
  2 hound skeletons
  2 howler monkey zombies
  2 howler monkey skeletons
  10 adders
  5 shadow imps
  2 oozes (D:2)
  2 adder skeletons
  3 worms
  3 dart slugs
  8 leopard geckos
  31 orcs
  2 ball pythons (D:5)
  14 bats
  4 giant cockroaches
  8 goblins
  10 hobgoblins
  24 jackals
  3 quokkas
  6 frilled lizards
  14 kobolds
  A leopard gecko zombie (D:6)
  16 rats
  A fungus (Lair:1)
299 creatures vanquished.

Vanquished Creatures (others)
  A wizard (D:4)
  3 fungi (D:9)
  15 plants (D:9)
19 creatures vanquished.

Grand Total: 318 creatures vanquished

Notes
Turn   | Place    | Note
-------+----------+-------------------------------------------
     0 | D:1      | ANNNA the Deep Elf Venom Mage began the quest for the Orb.
     0 | D:1      | Reached XP level 1. HP: 10/10 MP: 6/6
   376 | D:1      | Reached XP level 2. HP: 12/15 MP: 1/8
   380 | D:1      | Learned a level 2 spell: Poisonous Vapours
   897 | D:1      | Reached XP level 3. HP: 15/19 MP: 8/10
  1684 | D:2      | Reached skill level 1 in Air Magic
  1850 | D:2      | Reached XP level 4. HP: 24/24 MP: 5/11
  1855 | D:2      | Learned a level 3 spell: Ignite Poison
  1859 | D:2      | Learned a level 3 spell: Mephitic Cloud
  1905 | D:2      | Reached skill level 4 in Spellcasting
  2663 | D:2      | Found a faded altar of an unknown god.
  2813 | D:3      | Reached XP level 5. HP: 28/28 MP: 0/14
  2823 | D:2      | Learned a level 4 spell: Olgreb's Toxic Radiance
  2982 | D:3      | Reached skill level 5 in Spellcasting
  3212 | D:3      | Reached skill level 5 in Poison Magic
  3313 | D:3      | Reached XP level 6. HP: 32/32 MP: 11/15
  3524 | D:3      | Found a shimmering blue altar of Sif Muna.
  3530 | D:3      | Became a worshipper of Sif Muna the Loreminder
  4076 | D:3      | Found a basalt altar of Yredelemnul.
  4665 | D:4      | Reached * piety under Sif Muna
  4776 | D:4      | Reached XP level 7. HP: 34/36 MP: 14/17
  4950 | D:4      | Reached skill level 6 in Spellcasting
  5918 | D:4      | You fall into a shaft and drop 2 floors!
  6096 | D:6      | Found a glowing golden altar of the Shining One.
  6098 | D:6      | Found a white marble altar of Elyvilon.
  6098 | D:6      | Found a hide-covered altar of Uskayaw.
  6114 | D:6      | Reached skill level 7 in Spellcasting
  6120 | D:6      | Reached XP level 8. HP: 29/41 MP: 6/20
  6235 | D:6      | Found a sparkling altar of Nemelex Xobeh.
  6270 | D:5      | Entered Level 5 of the Dungeon
  6383 | D:4      | Found a bloodstained altar of Trog.
  6385 | D:4      | Noticed a wizard
  6389 | D:4      | Killed a wizard
  6638 | D:5      | Reached skill level 1 in Fire Magic
  6851 | D:5      | Reached skill level 8 in Spellcasting
  7354 | D:5      | Reached ** piety under Sif Muna
  7396 | D:5      | Reached skill level 1 in Armour
  7835 | D:5      | Found a burning altar of Makhleb.
  7847 | D:5      | Reached skill level 9 in Spellcasting
  8744 | D:6      | Reached skill level 1 in Short Blades
  8894 | D:6      | Reached XP level 9. HP: 30/46 MP: 14/24
  9117 | D:7      | Noticed Prince Ribbit
  9123 | D:7      | Killed Prince Ribbit
  9541 | D:7      | Found a staircase to the Ecumenical Temple.
  9548 | Temple   | Entered the Ecumenical Temple
  9777 | D:7      | Reached skill level 1 in Conjurations
 10821 | D:8      | Reached skill level 10 in Spellcasting
 10938 | D:8      | Noticed Erica
 10945 | D:8      | Killed Erica
 11099 | D:8      | Reached skill level 5 in Air Magic
 11529 | D:8      | Noticed a two-headed ogre
 11724 | D:8      | Noticed Harold
 11733 | D:8      | Killed Harold
 11733 | D:8      | Reached skill level 11 in Spellcasting
 11733 | D:8      | Reached skill level 5 in Transmutations
 11733 | D:8      | Reached XP level 10. HP: 18/51 MP: 16/27
 11818 | D:8      | Killed a two-headed ogre
 12411 | D:9      | Found a staircase to the Orcish Mines.
 13104 | D:9      | Reached *** piety under Sif Muna
 13160 | D:9      | Reached skill level 12 in Spellcasting
 13765 | D:9      | Reached skill level 10 in Poison Magic
 14387 | D:9      | Reached XP level 11. HP: 48/55 MP: 5/29
 15102 | D:9      | Reached skill level 13 in Spellcasting
 15385 | D:9      | Found a staircase to the Lair.
 15391 | D:9      | Reached **** piety under Sif Muna
 15457 | Lair:1   | Entered Level 1 of the Lair of Beasts
 15734 | Lair:1   | Noticed Gastronok
 16415 | Lair:1   | Noticed a seven-headed hydra
 16477 | Lair:1   | Killed a seven-headed hydra
 16486 | Lair:1   | HP: 2/55 [hippogriff (8)]
 16487 | Lair:1   | Succumbed to a spiny frog's poison

Illustrated notes

Levels and vault maps discovered:
D:1:      minmay_arrival_widening_spiral_narrow, layout_basic
D:2:      layout_loops_ring, chequers_ecumenical_altar_simple_redux,
          first_ration, minmay_indecisive_spiral
D:3:      layout_basic, led_sif_book, yredelemnul_altar_generic
D:4:      layout_basic, trog_wizard
D:5:      layout_rooms, makhleb_grotto_becter, glass_columns_b
D:6:      layout_loops_ring, chequers_temple_overflow_statue_of_worship,
          kennysheep_big_empty_room, nemelex_lonely_heart_becter
D:7:      layout_cave_pools, minmay_temple_entry_arrows, uniq_prince_ribbit1
D:8:      layout_basic, uniq_erica, uniq_harold
D:9:      layout_basic, minmay_lair_entry_grove, orc_0_dummy, david_nohive_1,
          uniq_erolcha
Temple:   eino_temple_scatter_basement
Lair:1:   layout_roguey, grunt_megastairs_4, uniq_gastronok

Skill      XL: |  1  2  3  4  5  6  7  8  9 10 11 |
---------------+----------------------------------+-----
Poison Magic   | 4 5 6 7 9 10 | 10.6
Air Magic      | 1 2 3 4 5 6 7 |  7.3
Spellcasting   | 4 5 7 9 11 12 13 | 13.5
Stealth        | 3 4 |  4.7
Transmutations | 2 3 5 6 |  6.1
Dodging        | 3 4 |  4.3
Fire Magic     | 1 2 3 |  3.8
Armour         | 1 2 |  2.4
Short Blades   | 1 |  1.7
Conjurations   | 1 |  1.3
Fighting       | |  0.8

Action                   |  1- 3 |  4- 6 |  7- 9 | 10-12 || total
-------------------------+-------+-------+-------+-------++-------
Melee: Dagger            |    17 |    24 |    88 |    18 ||   147
       Unarmed           |     1 |       |       |       ||     1
Throw: Stone             |       |     1 |     5 |     5 ||    11
 Cast: Sting             |    36 |    39 |   125 |    37 ||   237
       Poisonous Vapours |    32 |    59 |   127 |   106 ||   324
       Ignite Poison     |       |     9 |    37 |    76 ||   122
       Mephitic Cloud    |       |     1 |    10 |    16 ||    27
       Olgreb's Toxic Ra |       |       |       |     1 ||     1
  Use: Scroll            |       |       |     5 |     3 ||     8
       Potion            |       |       |     2 |     3 ||     5
  Eat: Chunk             |     4 |     9 |    22 |     5 ||    40
       Ration            |       |       |       |     3 ||     3
Armor: Robe              |     6 |     6 |       |       ||    12
       Leather armour    |       |       |    53 |    14 ||    67
Dodge: Dodged            |    33 |    21 |   102 |    69 ||   225
